AoeStats
← zenflame

Arena

507330366Analyzed
4v4 RM · 16d ago on Sep 17, 2026· 57m 23s· 8 players
Game mode
Random Map
Map size
Large (8 player)
Population
200
Speed
Normal
Resources
Standard
Victory
Conquest
Starting age
Dark Age
Ending age
Imperial Age
RankedLock teamsTeams togetherTeam positionsShared explorationLock speedFull tech treeHidden civsTurbo modeCheats
Victory
Defeat
🇨🇱 Tatars · Chile
947
+17
🇬🇧 Persians · United Kingdom
933
+17
🇻🇪 Vikings · Venezuela
921
+18
🇨🇦 Tupi · Canada
905
+18
🇬🇧 Aztecs · United Kingdom
1006
-19
🇬🇧 Hindustanis · United Kingdom
995
-19
🇬🇧 Romans · United Kingdom
987
-19
🇬🇧 Franks · United Kingdom
850
-13
Maximus
10:32 Feudal Age
14:53 Castle Age
13:19 Double-Bit Axe
15:33 Loom
15:58 Horse Collar
24:34 Bow Saw
25:49 Wheelbarrow
24:59 Town Watch
27:13 Hand Cart
34:10 Imperial Age
32:02 Husbandry
32:13 Bloodlines
32:16 Forging
32:59 Heavy Plow
33:46 Scale Barding Armor
36:16 Elite War Elephant
36:42 Cavalier
37:26 Gold Mining
37:35 Stone Mining
38:33 Savar
40:09 Conscription
45:06 Chain Barding Armor
45:22 Iron Casting
44:14 Light Cavalry
45:14 Hussar
51:07 Crop Rotation
51:40 Two-Man Saw
51:18 Gold Shaft Mining
51:20 Stone Shaft Mining
58:01 Blast Furnace
57:45 Plate Barding Armor
John
11:09 Feudal Age
12:20 Loom
12:53 Double-Bit Axe
13:45 Horse Collar
18:46 Castle Age
16:36 Loom
17:39 Gold Mining
17:42 Fletching
17:52 Padded Archer Armor
18:21 Stone Mining
19:40 Wheelbarrow
19:50 Bow Saw
19:44 Heavy Plow
20:11 Bodkin Arrow
20:31 Leather Archer Armor
21:14 Leather Archer Armor
22:00 Hand Cart
23:20 Ballistics
26:46 Pikeman
26:53 Pikeman
27:47 Forging
27:38 Scale Mail Armor
28:40 Squires
34:04 Imperial Age
33:00 Chain Mail Armor
34:41 Iron Casting
34:03 Murder Holes
34:00 Guard Tower
35:12 Caciques
35:40 Conscription
36:25 Chemistry
35:32 Halberdier
36:33 Capped Ram
38:15 Elite Blackwood Archer
40:29 Champi Runner
42:01 Champi Warrior
45:15 Bracer
45:45 Ring Archer Armor
47:56 Ring Archer Armor
47:46 Siege Ram
49:07 Caravan
50:18 Elite Champi Warrior
55:14 Keep
55:28 Curare
57:45 Plate Mail Armor
Juan Carlos Bodoque
3:20 Loom
12:38 Feudal Age
19:21 Castle Age
17:25 Double-Bit Axe
17:22 Horse Collar
17:37 Stone Mining
17:57 Gold Mining
19:57 Wheelbarrow
19:09 Town Watch
20:44 Heavy Plow
20:56 Bow Saw
22:07 Gold Shaft Mining
24:36 Hand Cart
26:20 Fletching
26:30 Padded Archer Armor
26:51 Town Patrol
27:05 Husbandry
27:17 Bloodlines
31:36 Ballistics
34:20 Imperial Age
32:41 Bodkin Arrow
33:47 Fortified Wall
33:48 Masonry
33:21 Treadmill Crane
33:14 Elite Skirmisher
37:16 Chemistry
36:43 Bracer
37:36 Silk Armor
38:10 Timurid Siegecraft
38:33 Caravan
38:03 Heavy Cavalry Archer
39:12 Conscription
39:24 Leather Archer Armor
43:08 Ring Archer Armor
44:17 Forging
44:13 Scale Barding Armor
45:33 Iron Casting
47:38 Elite Keshik
48:49 Chain Barding Armor
50:40 Blast Furnace
50:17 Plate Barding Armor
the King
0:29 Loom
13:24 Feudal Age
19:34 Castle Age
17:27 Horse Collar
18:02 Double-Bit Axe
25:09 Fletching
25:20 Padded Archer Armor
26:36 Bodkin Arrow
26:57 Leather Archer Armor
30:46 Imperial Age
29:29 Ballistics
29:34 Forging
29:24 Scale Mail Armor
29:51 Man-at-Arms
30:19 Gambesons
30:37 Long Swordsman
32:03 Iron Casting
32:10 Heavy Plow
31:49 Two-Handed Swordsman
32:49 Chain Mail Armor
33:58 Blast Furnace
35:25 Crop Rotation
37:03 Plate Mail Armor
36:52 Gold Mining
37:13 Murder Holes
37:31 Fortified Wall
40:51 Pikeman
41:36 Squires
44:36 Capped Ram
44:38 Onager
46:24 Chemistry
47:28 Siege Ram
55:46 Champion
toby
10:28 Feudal Age
17:23 Castle Age
18:20 Double-Bit Axe
19:40 Bow Saw
29:49 Imperial Age
27:07 Loom
27:58 Wheelbarrow
27:10 Town Watch
29:51 Gold Mining
29:53 Heavy Scorpion
30:59 Conscription
31:32 Fortified Wall
32:52 Ballistics
33:35 Chemistry
32:43 Siege Engineers
34:07 Ballistas
35:31 Squires
34:53 Man-at-Arms
36:31 Gold Shaft Mining
35:55 Fletching
36:44 Masonry
37:39 Comitatenses
36:42 Long Swordsman
38:00 Forging
37:52 Scale Mail Armor
37:53 Legionary
39:21 Iron Casting
40:14 Chain Mail Armor
42:20 Horse Collar
46:38 Pikeman
52:06 Halberdier
53:58 Blast Furnace
55:00 Hand Cart
LPauline
5:09 Loom
10:41 Feudal Age
12:24 Town Watch
14:52 Castle Age
13:11 Double-Bit Axe
13:52 Horse Collar
16:19 Bow Saw
25:02 Wheelbarrow
26:13 Hand Cart
27:17 Scale Barding Armor
29:13 Bloodlines
34:11 Imperial Age
32:05 Husbandry
32:38 Grand Trunk Road
33:52 Chain Barding Armor
33:42 Forging
34:45 Coinage
34:30 Heavy Camel Rider
37:01 Plate Barding Armor
37:02 Iron Casting
38:11 Chemistry
37:32 Ballistics
37:23 Masonry
37:19 Siege Engineers
37:27 Fortified Wall
37:20 Imperial Camel Rider
39:14 Banking
38:54 Murder Holes
41:38 Blast Furnace
42:34 Fletching
44:07 Hoardings
43:55 Conscription
45:01 Thumb Ring
45:38 Shatagni
46:18 Bodkin Arrow
zenflame
10:52 Feudal Age
11:50 Horse Collar
11:57 Double-Bit Axe
16:51 Loom
19:29 Castle Age
18:20 Gold Mining
18:23 Stone Mining
19:49 Eagle Warrior
21:32 Forging
21:22 Scale Mail Armor
23:04 Bow Saw
22:58 Heavy Plow
23:36 Gold Shaft Mining
25:25 Elite Skirmisher
26:48 Stone Shaft Mining
29:17 Fletching
30:03 Iron Casting
29:44 Chain Mail Armor
29:57 Squires
31:19 Padded Archer Armor
32:15 Wheelbarrow
38:06 Imperial Age
37:56 Leather Archer Armor
41:20 Pikeman
41:22 Elite Eagle Warrior
43:14 Man-at-Arms
44:36 Crop Rotation
44:37 Garland Wars
44:22 Atlatl
bharvey
14:53 Feudal Age
20:19 Castle Age
18:54 Double-Bit Axe
29:26 Gold Mining
30:42 Husbandry
32:31 Bow Saw
32:41 Forging
32:40 Scale Barding Armor
35:31 Imperial Age
37:08 Gold Shaft Mining
35:59 Cavalier
37:15 Chivalry
37:13 Arrowslits
37:30 Murder Holes
38:07 Masonry
38:22 Ballistics
46:04 Paladin
51:48 Elite Throwing Axeman
54:54 Iron Casting
54:40 Chain Barding Armor
Connection lost

Rejoining the realm…

Still unreachable

The connection could not be restored.

Session expired

The server has moved on; the page needs a fresh start.